 Dungeon Crawl Stone Soup version 0.32-a0-995-gb4a59205af (webtiles) character file.

Game seed: 2750022885043455723

12317 ncactus the Martial Artist (level 12, -6/30 (85) HPs)
             Began as a Kobold Shapeshifter on Apr 23, 2024.
             Was an Initiate of Gozag.
             Mangled by Erolcha
             ... wielding a +10 giant club
              (36 damage)
             ... on level 11 of the Dungeon.
             The game lasted 00:58:11 (7141 turns).

ncactus the Martial Artist (Kobold Shapeshifter)    Turns: 7141, Time: 00:58:12

HP:   -6/30 (85)    AC:  9    Str: 20    XL:     12   Next: 18%
MP:   21/21         EV: 14    Int: 12    God:    Gozag
Gold: 1916          SH:  0    Dex: 21    Spells: 11/11 levels left

rFire   . .          .
                       - Unarmed
rCold   . . .        (shield currently unavailable)
rNeg    . . .        a - melded +0 animal skin
rPois   +            (helmet currently unavailable)
rElec   .            (cloak currently unavailable)
rCorr   .            (gloves currently unavailable)
SInv    .            (boots currently unavailable)
Will    .....        p - amulet of Vuilulot {+Inv Fly RegenMP+ MP+9}
Stlth   ++++         o - +4 ring of slaying
HPRegen 0.25/turn    H - +6 ring of dexterity
MPRegen 0.57/turn

%: no passive effects
@: snake-form, flying, very slightly contaminated, extremely drained, invisible
A: constrict, boosted hp, large, no large weapons, nightstalker 3
a: Begin Untransformation, Renounce Religion, Evoke Invisibility, Potion
Petition, Call Merchant, Bribe Branch


You were on level 11 of the Dungeon.
You worshipped Gozag.
Gozag was most pleased with you.
You were an enormous serpent.
You visited 2 branches of the dungeon, and saw 12 of its levels.

You collected 1984 gold pieces.
You paid 68 gold pieces to Gozag.

Inventory:

Missiles
 g - 3 boomerangs (quivered)
 t - 2 throwing nets
Armour
 a - a +0 animal skin (melded)
Jewellery
 j - a ring of flight
 n - a ring of wizardry
 o - a +4 ring of slaying (left hand)
 p - the amulet of Vuilulot (around neck) {+Inv Fly RegenMP+ MP+9}
   (You found it on level 5 of the Dungeon)

   [amulet of magic regeneration]

   It increases your rate of magic regeneration.
   MP+9:      It affects your magic capacity (+9).
   +Inv:      It lets you turn invisible.
   Fly:       It grants you flight.
   RegenMP+:  It increases your rate of magic regeneration.
 u - a ring of see invisible
 w - a +6 ring of intelligence
 z - a ring of protection from cold
 E - an amulet of regeneration
 H - a +6 ring of dexterity (right hand)
Talismans
 c - a beast talisman
 d - a flux talisman
 e - a maw talisman
 i - a serpent talisman (active)
Wands
 r - a wand of polymorph (5)
 A - a wand of roots (9)
 F - a wand of mindburst (3)
 G - a wand of paralysis (3)
 K - a wand of light (8)
Scrolls
 f - 2 scrolls of enchant armour
 h - 4 scrolls of amnesia
 l - a scroll of teleportation
 y - 2 scrolls of fog
 J - a scroll of brand weapon {unknown}
Potions
 b - a potion of haste {unknown}
 k - 3 potions of curing
 m - a potion of magic
 q - a potion of brilliance
 s - 3 potions of attraction
 v - 2 potions of resistance
 x - a potion of mutation
 C - a potion of cancellation {unknown}
 I - a potion of degeneration {unknown}


   Skills:
 + Level 6.7 Fighting
 + Level 7.8 Dodging
 - Level 3.1 Stealth
 * Level 11.7 Unarmed Combat
 + Level 11.4 Shapeshifting


You had 11 spell levels left.
You didn't know any spells.
Your spell library contained the following spells:

 Spells                   Type           Power      Damage    Failure   Level
 Jinxbite                 Hex            0%         N/A       45%         2
 Lesser Beckoning         Tloc           0%         N/A       45%         2
 Mercury Vapours          Alch/Air       0%         N/A       45%         2
 Dazzling Flash           Conj/Hex       0%         N/A       69%         3
 Fugue of the Fallen      Necr           0%         N/A       69%         3
 Hailstorm                Conj/Ice       0%         3d5       69%         3
 Maxwell's Portable Pile  Tloc           0%         2d(5-13)  69%         3
 Mephitic Cloud           Conj/Alch/Air  0%         N/A       69%         3
 Ozocubu's Armour         Ice            0%         N/A       69%         3
 Summon Ice Beast         Ice/Summ       0%         N/A       69%         3
 Teleport Other           Tloc           0%         N/A       69%         3
 Ignite Poison            Fire/Alch      0%         N/A       97%         4
 Sticky Flame             Fire/Alch      0%         2d4       97%         4
 Freezing Cloud           Conj/Ice/Air   0%         6-21      100%        5
 Summon Mana Viper        Hex/Summ       0%         N/A       100%        5
 Yara's Violent Unravell  Hex/Alch       0%         3d3       100%        5
 Permafrost Eruption      Ice/Erth       0%         2x4d1     100%        6
 Sculpt Simulacrum        Ice/Alch       0%         N/A       100%        6
 Starburst                Conj/Fire      0%         6d3       100%        6
 Enfeeble                 Hex            0%         N/A       100%        7
 Manifold Assault         Tloc           0%         N/A       100%        7
 Monstrous Menagerie      Summ           0%         N/A       100%        7
 Fulsome Fusillade        Conj/Alch      0%         (3-5)d4   100%        8
 Ignition                 Fire           0%         3d3       100%        8


Dungeon Overview and Level Annotations

Branches:
Dungeon (11/15)            Temple (1/1) D:7            Lair (0/5) D:11
    Orc (0/2) D:10

Altars:
Ashenzari
Cheibriados
Elyvilon
Gozag
Hepliaklqana
Kikubaaqudgha
Makhleb
Nemelex Xobeh
Okawaru
Qazlal
Ru
Trog
Uskayaw
Vehumet
Wu Jian
Xom
Yredelemnul
Zin
The Shining One

Shops:
D:3 [   D:10 [

Annotations:
D:11 Amaemon, Erolcha


Innate Abilities, Weirdness & Mutations

You are an enormous serpent.
You have a powerful constriction melee attack.
Your maximum health is increased.
Your armour is entirely melded.
You are incapable of wielding weapons or throwing items.
You are small and have problems with some larger weapons.
You are completely attuned to the shadows.


Message History

The wolf bites you but does no damage. The wolf barely misses you.
The warg bites you. The wolf barely misses you. x2
Amaemon points at something and mumbles some strange words.
You hear a screech!
You hear a shout! x2
Unknown command.
You body-slam the wolf!!
You kill the wolf!
You hear a shout! x2
The wolf completely misses you. The warg bites you!
* * * LOW HITPOINT WARNING * * *
You feel much better. The wolf closely misses you. The warg misses you.
The wolf bites you. The warg bites you but does no damage.
Amaemon casts a spell.
You lash the wolf! You grab the wolf.
The wolf is moderately wounded.
Your surroundings suddenly seem different.
You lose your grip on something.
Okay, then.
As you read the scroll of identify, it crumbles to dust.
v - 2 potions of resistance You feel agile.
H - a +6 ring of dexterity (right hand)
Okay, then.
Okay, then.
You feel drained.
You fail to use your ability.
You feel drained.
You fail to use your ability.
You feel drained.
You fail to use your ability.
You feel drained.
You fail to use your ability.
You feel drained.
You fail to use your ability.
You feel drained.
You fail to use your ability.
You feel drained.
You fade into invisibility!
You are very lightly contaminated with residual magic.
Erolcha gestures wildly while chanting.
Erolcha flickers and vanishes!
Deactivating autopickup; reactivate with Ctrl-A.
You closely miss something. Something hits you!!!
Ouch! That really hurt!
You die...
Your body crumbles into a pile of gold.

#.........#
#.......# #.......
#......... #.......#
....... ##'######
###.##### ######
#......# #...#
######.### #.......#
#.....?..# +.......#
#........# #.......+
#........# #...{...#
#........#.#...S...#
#..........#.......#
#........###.......#
#........# #.......#
#........# #.......#
#.....?..# #.......#
########## #########


There were no monsters in sight!

Vanquished Creatures
  A hydra (D:10)
  3 cyclopes (D:11)
  Jeremiah (D:8)
  A troll (D:9)
  A shadow (D:10)
  28 yaks
  6 humans (D:10)
  2 steam dragons
  An acid dragon (D:8)
  Duvessa (D:5)
  A water moccasin (D:9)
  4 black bears
  4 ice beasts
  5 orc warriors (D:10)
  An ogre (D:6)
  A wolf (D:11)
  2 centaurs (D:9)
  4 phantoms
  A kobold brigand (D:6)
  Blork the orc (D:5)
  2 bullfrogs
  2 scorpions
  A gnoll sergeant (D:5)
  10 wights
  Dowan (D:5)
  2 electric eels (D:8)
  3 jellies (D:6)
  2 bombardier beetles
  A gnoll bouda (D:5)
  6 orc priests
  A hound (D:6)
  A sleepcap (D:6)
  2 iguanas
  Terence (D:3)
  9 orc wizards
  10 gnolls (D:5)
  4 adders
  A shadow imp (D:7)
  3 ribbon worms
  A dart slug (D:1)
  25 orcs
  6 endoplasms
  4 giant cockroaches
  6 goblins
  8 hobgoblins
  4 quokkas
  9 ball pythons
  4 bats
  3 frilled lizards
  9 kobolds
  5 rats
215 creatures vanquished.

Vanquished Creatures (collateral kills)
  5 yaks (D:10)
5 creatures vanquished.

Grand Total: 220 creatures vanquished

Notes
Turn   | Place    | Note
-------+----------+-------------------------------------------
     0 | D:1      | ncactus the Kobold Shapeshifter began the quest for the
                  | Orb.
     0 | D:1      | Reached XP level 1. HP: 12/12 MP: 1/1
   280 | D:1      | Reached XP level 2. HP: 16/16 MP: 2/2
   830 | D:1      | Reached XP level 3. HP: 20/20 MP: 3/3
   982 | D:2      | Found a faded altar of an unknown god.
  1199 | D:2      | HP: 1/30 [poisoned by an adder]
  1200 | D:2      | Reached XP level 4. HP: 2/25 MP: 4/4
  1701 | D:3      | Noticed Terence
  1726 | D:3      | Killed Terence
  1727 | D:3      | Reached XP level 5. HP: 24/29 MP: 5/5
  1813 | D:3      | Found Datafuh's Antique Armour Boutique.
  2055 | D:4      | Reached skill level 5 in Shapeshifting
  2071 | D:4      | Reached XP level 6. HP: 21/34 MP: 6/6
  2309 | D:5      | Entered Level 5 of the Dungeon
  2309 | D:5      | Noticed a black bear
  2310 | D:5      | Noticed Dowan
  2315 | D:5      | Killed a black bear
  2316 | D:5      | Noticed an ice beast
  2321 | D:5      | Noticed Duvessa
  2329 | D:5      | Killed an ice beast
  2330 | D:5      | Reached XP level 7. HP: 23/38 MP: 7/7
  2334 | D:5      | Killed Duvessa
  2349 | D:5      | Killed Dowan
  2350 | D:5      | Reached skill level 5 in Unarmed Combat
  2431 | D:5      | Identified the amulet of Vuilulot {+Inv Fly RegenMP+ MP+9}
  2504 | D:5      | Reached XP level 8. HP: 34/43 MP: 8/8
  2540 | D:5      | Found an opulent altar of Gozag.
  2552 | D:5      | Became a worshipper of Gozag Ym Sagoz the Greedy
  2560 | D:5      | Noticed Blork the orc
  2570 | D:5      | Killed Blork the orc
  3217 | D:6      | Reached XP level 9. HP: 41/47 MP: 9/9
  3393 | D:7      | Found a staircase to the Ecumenical Temple.
  3402 | Temple   | Entered the Ecumenical Temple
  4356 | D:8      | Reached skill level 10 in Shapeshifting
  4373 | D:8      | Noticed Maurice
  4379 | D:8      | Noticed Maurice
  4381 | D:8      | Killed Maurice the acid dragon
  4448 | D:8      | Found a hazy altar of Hepliaklqana.
  4460 | D:8      | Reached skill level 1 in Stealth
  4491 | D:8      | You are sucked into a shaft and drop 1 floor!
  4515 | D:9      | Reached XP level 10. HP: 53/53 MP: 10/10
  4734 | D:8      | Noticed Jeremiah
  4739 | D:8      | Killed Jeremiah
  4969 | D:8      | Reached skill level 5 in Dodging
  4983 | D:8      | Reached XP level 11. HP: 47/62 MP: 11/11
  5245 | D:8      | Reached skill level 10 in Unarmed Combat
  5259 | D:8      | Reached skill level 5 in Fighting
  5564 | D:9      | Found a bloodstained altar of Trog.
  5579 | D:9      | Found an ancient bone altar of Kikubaaqudgha.
  5981 | D:10     | Entered Level 10 of the Dungeon
  5984 | D:10     | Found Quhissac's Antique Armour Shop.
  6043 | D:10     | Noticed a six-headed hydra
  6050 | D:10     | Killed a six-headed hydra
  6538 | D:10     | Reached XP level 12. HP: 22/71 MP: 12/12
  6573 | D:10     | Found a staircase to the Orcish Mines.
  6859 | D:11     | Noticed a boulder beetle
  6972 | D:11     | Noticed Erolcha
  7117 | D:11     | Found a staircase to the Lair.
  7121 | D:11     | Noticed Amaemon
  7141 | D:11     | Mangled by Erolcha

Illustrated notes

Levels and vault maps discovered:
D:1:      dpeg_arrival_rhombus, layout_basic
D:2:      layout_basic, shapermc_ecumenical_altar_hornbeckon, serial_shops,
          nicolae_shop_tiny_waterfront
D:3:      layout_rooms, serial_shops, shop, uniq_terence
D:4:      layout_basic
D:5:      layout_basic, kennysheep_little_box, uniq_duvessa, uniq_blork_the_orc
D:6:      layout_basic
D:7:      layout_gridville, minmay_temple_entry_drinking_statues
D:8:      argonaut_augean_stables, layout_basic, mainiacjoe_overflow_brackets,
          uniq_maurice, uniq_jeremiah
D:9:      layout_long_grid, jmf_multi_god_temple2
D:10:     layout_loops_ring, gammafunk_temple_overflow_claw, david_orc_4,
          serial_shops, nicolae_square_shop, minmay_ruffians
D:11:     layout_roguey, erik_lair_orcish_takeover, uniq_erica, uniq_amaemon,
          uniq_erolcha
Temple:   nicolae_temple_no_exploring_needed

Skill      XL: |  1  2  3  4  5  6  7  8  9 10 11 |
---------------+----------------------------------+-----
Shapeshifting  | 4 5 6 7 8 10 11 | 11.4
Unarmed Combat | 4 5 6 8 9 11 | 11.7
Stealth        | 1 3 |  3.1
Dodging        | 3 5 7 |  7.8
Fighting       | 4 6 |  6.7

Action                     |  1- 3 |  4- 6 |  7- 9 | 10-12 || total
---------------------------+-------+-------+-------+-------++-------
  Melee: Unarmed           |    98 |   104 |   154 |   213 ||   569
         Punch             |     2 |     2 |       |       ||     4
         Constrict         |       |     6 |    38 |    57 ||   101
Ability: Evoke Invisibilit |       |       |       |     1 ||     1
  Evoke: Wand              |       |       |     1 |       ||     1
    Use: Potion            |     1 |     3 |     2 |     5 ||    11
         Scroll            |       |     6 |     7 |    10 ||    23
   Stab: Sleeping          |    13 |    10 |     3 |     6 ||    32
         Distracted        |       |       |     2 |       ||     2
 Armour: Animal skin       |    36 |    31 |       |       ||    67
         Skin              |     2 |    33 |   103 |   146 ||   284
  Dodge: Dodged            |    55 |    46 |    56 |    53 ||   210
   Form: Serpent           |       |     1 |       |       ||     1

Table legend: (Time is in decaauts)
 A = Elapsed time spent in this place.
 B = Non-inter-level travel time spent in this place.
 C = Inter-level travel time spent in this place.
 D = Time resting spent in this place.
 E = Time spent auto-exploring this place.
 F = Levels seen in this place.
 G = Mean time per level.
                   A        B        C        D        E       F      G
               +--------+--------+--------+--------+--------+-----+--------+
         Total |   7090 |   6901 |    189 |    133 |      0 |  12 |  590.8 |
       Dungeon |   7088 |   6899 |    189 |    133 |      0 |  11 |  644.4 |
        Temple |      1 |      1 |      0 |      0 |      0 |   1 |    1.0 |
               +--------+--------+--------+--------+--------+-----+--------+

Top non-repeatable levels by time:
     D:8: 1038 daAuts
     D:1: 844 daAuts
    D:10: 818 daAuts
     D:2: 742 daAuts
     D:7: 693 daAuts
     D:5: 673 daAuts
     D:9: 667 daAuts
     D:6: 573 daAuts
     D:3: 434 daAuts
    D:11: 318 daAuts
     D:4: 284 daAuts
  Temple: 1 daAuts
